AoeStats
← Lukitasmdp150

Arena

509776302Analyzed
1v1 RM · 3d ago on Sep 28, 2026· 43m 23s· 2 players
Game mode
Random Map
Map size
Tiny (2 player)
Population
200
Speed
Normal
Resources
Standard
Victory
Conquest
Starting age
Dark Age
Ending age
Imperial Age
RankedLock teamsTeams togetherTeam positionsShared explorationLock speedFull tech treeHidden civsTurbo modeCheats
Victory
Defeat
🇦🇷 Italians · Argentina
852
+22
🇨🇱 Inca · Chile
847
-16
jpezpuma
7:14 Loom
10:03 Feudal Age
10:31 Double-Bit Axe
16:05 Castle Age
23:03 Treadmill Crane
25:36 Wheelbarrow
24:46 Town Watch
25:21 Fletching
25:41 Andean Sling
25:34 Champi Runner
25:36 Pikeman
25:45 Elite Skirmisher
26:30 Padded Archer Armor
27:09 Squires
26:34 Champi Warrior
28:22 Thumb Ring
28:35 Leather Archer Armor
29:02 Bodkin Arrow
32:40 Imperial Age
30:35 Scale Mail Armor
31:53 Forging
32:13 Hand Cart
32:29 Chain Mail Armor
32:01 Horse Collar
32:15 Gold Mining
32:21 Stone Mining
33:49 Iron Casting
33:44 Bracer
37:22 Ring Archer Armor
38:14 Fabric Shields
39:11 Ballistics
39:52 Chemistry
38:48 Murder Holes
38:28 Elite Champi Warrior
40:04 Plate Mail Armor
40:02 Arson
41:31 Blast Furnace
42:17 Halberdier
Lukitasmdp150
6:41 Loom
10:30 Feudal Age
12:02 Feudal Age
15:46 Castle Age
14:12 Horse Collar
14:33 Double-Bit Axe
16:00 Wheelbarrow
21:41 Fletching
22:11 Town Watch
27:15 Hand Cart
27:38 Bodkin Arrow
27:46 Padded Archer Armor
28:12 Bow Saw
31:16 Imperial Age
30:08 Bloodlines
29:59 Husbandry
30:14 Scale Barding Armor
30:20 Forging
31:01 Ballistics
30:14 Light Cavalry
31:03 Stone Mining
31:12 Gold Mining
32:53 Town Patrol
34:38 Chemistry
35:26 Iron Casting
35:12 Chain Barding Armor
36:29 Conscription
39:40 Leather Archer Armor
43:30 Blast Furnace
43:06 Plate Barding Armor
43:09 Hussar
Connection lost

Rejoining the realm…

Still unreachable

The connection could not be restored.

Session expired

The server has moved on; the page needs a fresh start.